 Dungeon Crawl Stone Soup version 0.29-a0-362-g5854e031c7 (webtiles) character file.

Game seed: 12432740543075199430

96 HendSelp the Skirmisher (level 4, 0/73 HPs)
             Began as an Ogre Berserker on Apr 29, 2022.
             Was a Believer of Trog.
             Succumbed to a water moccasin's poison
             ... on level 6 of the Dungeon.
             The game lasted 00:03:39 (2574 turns).

HendSelp the Skirmisher (Ogre Berserker)            Turns: 2574, Time: 00:03:39

Health: 0/73       AC:  4    Str: 23    XL:     4   Next: 67%
Magic:  4/4        EV: 10    Int:  8    God:    Trog [**....]
Gold:   91         SH:  0    Dex:  8    Spells: 3/3 levels left

rFire   . . .      SeeInvis .   a - +0 mace
rCold   . . .      Faith    .   (no shield)
rNeg    . . .      Spirit   .   b - +0 animal skin
rPois   .          Reflect  .   (helmet restricted)
rElec   .          Harm     .   i - +0 cloak
rCorr   .          Rampage  .   (gloves unavailable)
Will    .....                   (boots unavailable)
Stlth   ..........              k - amulet of magic regeneration
HPRegen 0.22/turn               (no ring)
MPRegen 0.49/turn               (no ring)

@: berserking, lethally poisoned (0 -> -46), very quick
A: large, unfitting armour, tough skin 1
a: Renounce Religion, Berserk, Trog's Hand


You were on level 6 of the Dungeon.
You worshipped Trog.
Trog was pleased with you.
You visited 1 branch of the dungeon, and saw 4 of its levels.

You collected 91 gold pieces.

Inventory:

Hand Weapons
 a - a +0 mace (weapon)
Armour
 b - a +0 animal skin (worn)
 i - a +0 cloak (worn)
Jewellery
 k - an amulet of magic regeneration (around neck)
Wands
 f - a wand of digging (2)
Potions
 c - 3 potions of ambrosia
 d - a potion of cancellation
 e - a potion of flight
 g - 2 potions of curing {unknown}
 h - a potion of berserk rage {unknown}


   Skills:
 + Level 4.8 Fighting
 * Level 4.4 Maces & Flails
 - Level 2.6 Dodging


You had 3 spell levels left.
You didn't know any spells.
Your spell library was empty.

Dungeon Overview and Level Annotations

Branches:
Dungeon (3/15)

Altars:
Uskayaw

Shops:
D:2 (


Innate Abilities, Weirdness & Mutations

You are too large for most types of armour.
You have tough skin. (AC +1)


Message History

The water moccasin bites you.
Unknown command.
Unknown command.
You closely miss the water moccasin.
The water moccasin is moderately wounded.
The water moccasin bites you.
Unknown command.
You barely miss the water moccasin.
The water moccasin is moderately wounded.
The water moccasin bites you.
Unknown command.
You closely miss the water moccasin.
The water moccasin is moderately wounded.
The water moccasin bites you but does no damage.
You sock the water moccasin!
The water moccasin is heavily wounded.
The water moccasin bites you.
You are poisoned.
The water moccasin poisons you! The water moccasin bites you.
Unknown command.
Unknown command.
You miss the water moccasin.
The water moccasin is heavily wounded.
You feel very sick.
Unknown command.
Unknown command.
Unknown command.
You closely miss the water moccasin.
The water moccasin is heavily wounded.
You feel very sick. The water moccasin bites you.
* * * LOW HITPOINT WARNING * * *
You are lethally poisoned!
The water moccasin poisons you! The water moccasin bites you!
* * * LOW HITPOINT WARNING * * *
You are more poisoned.
The water moccasin poisons you!
You thump the water moccasin!
The water moccasin is severely wounded.
You die...

+..≈≈≈
.=... ....
####...
######.....
..........
........S#
........@#
.........#
......$..#
.........#
.........#
.........#
######.###
#. #.


You could see a water moccasin.

Vanquished Creatures
  3 adders
  2 worms (D:2)
  2 dart slugs
  5 endoplasms
  3 giant cockroaches
  4 goblins
  5 hobgoblins
  11 jackals
  A quokka (D:1)
  7 ball pythons
  5 bats
  A frilled lizard (D:2)
  3 kobolds
  2 rats (D:2)
54 creatures vanquished.

Notes
Turn   | Place    | Note
-------+----------+-------------------------------------------
     0 | D:1      | HendSelp the Ogre Berserker began the quest for the Orb.
     0 | D:1      | Reached XP level 1. HP: 24/24 MP: 1/1
   125 | D:1      | Reached XP level 2. HP: 29/32 MP: 2/2
  1044 | D:2      | Reached XP level 3. HP: 26/40 MP: 3/3
  1517 | D:2      | Found a hide-covered altar of Uskayaw.
  1535 | D:2      | Found a faded altar of an unknown god.
  1550 | D:2      | Reached XP level 4. HP: 31/49 MP: 4/4
  1878 | D:2      | Found Iqu Syba's Weapon Shoppe.
  1925 | D:2      | Reached ** piety under Trog
  2556 | D:3      | You fall into a shaft and drop 3 floors!
  2556 | D:6      | Noticed a water moccasin
  2574 | D:6      | Succumbed to a water moccasin's poison

Illustrated notes

Levels and vault maps discovered:
D:1:      nzn_arrival_crosshair, layout_rooms, minmay_tree_intersection
D:2:      layout_rooms, nicolae_ecumenical_lake_church, basic_altar,
          serial_shops, nicolae_shop_bloodbath_and_beyond, grunt_ministairs_10,
          nicolae_figureground_pulse
D:3:      layout_loops_ring
D:6:      layout_basic, kiku_gazebo_pond_becter, minmay_temple_entry_poolview,
          enter_ossuary_1

Skill      XL: |  1  2  3 |
---------------+----------+-----
Maces & Flails | 3 4 |  4.4
Fighting       | |  4.8
Dodging        | |  2.6

Action                   |  1- 3 |  4- 6 || total
-------------------------+-------+-------++-------
Melee: Mace              |    98 |    89 ||   187
       Punch             |     1 |       ||     1
Invok: Berserk           |     4 |     2 ||     6
  Use: Scroll            |     1 |     5 ||     6
Armor: Animal skin       |    59 |    67 ||   126
Dodge: Dodged            |    85 |   100 ||   185

Table legend: (Time is in decaauts)
 A = Elapsed time spent in this place.
 B = Non-inter-level travel time spent in this place.
 C = Inter-level travel time spent in this place.
 D = Time resting spent in this place.
 E = Time spent auto-exploring this place.
 F = Levels seen in this place.
 G = Mean time per level.
                   A        B        C        D        E       F      G
               +--------+--------+--------+--------+--------+-----+--------+
         Total |   2665 |   2577 |     88 |    671 |   1463 |   4 |  666.2 |
       Dungeon |   2665 |   2577 |     88 |    671 |   1463 |   4 |  666.2 |
               +--------+--------+--------+--------+--------+-----+--------+

Top non-repeatable levels by time:
     D:1: 1257 daAuts
     D:2: 1145 daAuts
     D:3: 246 daAuts
     D:6: 15 daAuts
